 Dungeon Crawl Stone Soup version 0.31-a0-574-g69dc8cc98e (webtiles) character file.

Game seed: 7075932882234420109

101034 Vorhees the Blocker (level 16, 0/196 HPs)
             Began as a Gnoll Fighter on Aug 18, 2023.
             Was a Follower of Ashenzari.
             Slain by a +3 spectral demon trident (2 damage)
             ... created by Asterion
             ... on level 1 of the Snake Pit.
             The game lasted 00:53:35 (34335 turns).

Vorhees the Blocker (Gnoll Fighter)                Turns: 34335, Time: 00:53:36

Health: 0/196      AC: 23    Str: 20    XL:     16   Next: 29%
Magic:  28/31      EV: 14    Int: 15    God:    Ashenzari [*.....]
Gold:   4342       SH: 12    Dex: 14    Spells: 29/38 levels left

rFire   . . .        C - +4 broad axe (freeze)
rCold   . . .        c - +0 buckler
rNeg    . . .        E - +5 scale mail of Ashenzari's Doubts {rCorr, Melee, Elem} (curse)
rPois   +            j - +1 helmet of the Distant Sage {Melee, Self} (curse)
rElec   .            L - +0 cloak
rCorr   +            A - +2 pair of gloves
SInv    .            h - +0 pair of boots
Will    ++...        r - amulet of reflection Stlth
                     f - +6 ring of intelligence
HPRegen 0.52/turn    n - ring of poison resistance
MPRegen 0.22/turn

%: reflection
@: berserking (expiring), very quick
A: fangs 1, strong nose, distributed training, strong-willed 1
a: Renounce Religion, Curse Item, Shatter the Chains


You were on level 1 of the Snake Pit.
You worshipped Ashenzari.
Ashenzari was aware of your devotion.
You visited 5 branches of the dungeon, and saw 24 of its levels.
You also visited: Sewer and Bailey.

You collected 5029 gold pieces.
You spent 687 gold pieces at shops.

Inventory:

Hand Weapons
 e - the +4 trident "Ynesemau" {venom, SInv}
   (You found it on level 6 of the Dungeon)

   SInv:      It lets you see invisible.
 C - a +4 broad axe of freezing (weapon)
 Q - a +3 vampiric broad axe
Missiles
 l - 9 boomerangs (quivered)
 o - 6 curare-tipped darts
 q - 2 silver javelins
 w - 9 javelins
 S - 2 darts of dispersal
 Y - 5 atropa-tipped darts
Armour
 c - a +0 buckler (worn)
 h - a +0 pair of boots (worn)
 j - the cursed +1 helmet of the Distant Sage (worn) {Melee, Self}
   (You took it off Robin on level 3 of the Dungeon)

   It has a curse which improves the following skills: Melee Combat: Short
   Blades, Long Blades, Axes, Maces & Flails, Polearms, Staves and Unarmed
   Combat.
   Introspection: Fighting and Spellcasting.
 A - a +2 pair of gloves (worn)
 E - the cursed +5 scale mail of Ashenzari's Doubts (worn) {rCorr, Melee, Elem}
   (You acquired it on level 8 of the Dungeon)

   rCorr:     It protects you from acid and corrosion.
   It has a curse which improves the following skills: Melee Combat: Short
   Blades, Long Blades, Axes, Maces & Flails, Polearms, Staves and Unarmed
   Combat.
   Elements:  Fire Magic, Ice Magic, Air Magic and Earth Magic.
 L - a +0 cloak (worn)
Jewellery
 a - a +6 ring of strength
 f - a +6 ring of intelligence (left hand)
 n - a ring of poison resistance (right hand)
 r - an amulet of reflection (around neck)
 u - a ring of flight
 I - a ring of protection from cold
Talismans
 J - a granite talisman
Wands
 y - a wand of roots (2)
 T - a wand of charming (10)
 V - a wand of polymorph (2)
Scrolls
 g - 10 scrolls of teleportation
 m - 6 scrolls of revelation
 B - a scroll of fear
 F - 6 scrolls of amnesia
 G - 3 scrolls of immolation
 K - a scroll of summoning
 M - 4 scrolls of fog
 P - 3 scrolls of poison
Potions
 b - a potion of might
 d - 2 potions of cancellation
 k - 5 potions of curing
 p - 4 potions of enlightenment
 s - 2 potions of lignification
 v - 4 potions of resistance
 x - 3 potions of haste
 z - 5 potions of brilliance
 D - a potion of magic
 R - a potion of mutation
 Z - a potion of attraction
Miscellaneous
 O - a sack of spiders


   Skills:
 + Level 12.7(13.4) Fighting
 + Level 11.0(12.1) Short Blades
 + Level 11.0(12.1) Long Blades
 + Level 11.9(13.0) Axes
 + Level 11.0(12.1) Maces & Flails
 + Level 11.0(12.1) Polearms
 + Level 11.0(12.1) Staves
 + Level 11.0 Ranged Weapons
 + Level 11.0 Throwing
 + Level 12.7 Armour
 + Level 11.0 Dodging
 + Level 11.0 Stealth
 + Level 12.7 Shields
 + Level 11.0(12.1) Unarmed Combat
 + Level 11.0(11.7) Spellcasting
 + Level 9.2 Conjurations
 + Level 9.2 Hexes
 + Level 9.2 Summonings
 + Level 9.2 Necromancy
 + Level 9.2 Translocations
 + Level 9.2 Transmutations
 + Level 9.2(10.0) Fire Magic
 + Level 9.2(10.0) Ice Magic
 + Level 9.2(10.0) Air Magic
 + Level 9.2(10.0) Earth Magic
 + Level 9.2 Poison Magic
 + Level 11.9 Invocations
 + Level 11.0 Evocations
 + Level 9.2 Shapeshifting


You had 29 spell levels left.
You knew the following spells:

 Your Spells              Type           Power      Damage    Failure   Level
a - Freezing Cloud        Conj/Ice/Air   19%        6-21      11%         5
b - Anguish               Hex/Necr       18%        N/A       4%          4

Your spell library contained the following spells:

 Spells                   Type           Power      Damage    Failure   Level
 Apportation              Tloc           72%        N/A       1%          1
 Freeze                   Ice            100%       1d10      1%          1
 Necrotise                Necr           100%       1d9       1%          1
 Slow                     Hex            100%       N/A       1%          1
 Summon Small Mammal      Summ           100%       N/A       1%          1
 Cigotuvi's Dreadful Rot  Necr/Pois/Air  74%        N/A       1%          2
 Ensorcelled Hibernation  Hex/Ice        74%        N/A       1%          2
 Confusing Touch          Hex            36%        N/A       1%          3
 Frozen Ramparts          Ice            76%        1d12      1%          3
 Hailstorm                Conj/Ice       37%        3d9       1%          3
 Ignite Poison            Fire/Tmut/Pois 37%        N/A       1%          3
 Vampiric Draining        Necr           36%        2d8       1%          3
 Sticky Flame             Conj/Fire      37%        2d6       3%          4
 Summon Ice Beast         Ice/Summ       37%        N/A       3%          4
 Iskenderun's Battlesphe  Conj           36%        2d9       13%         5
 Leda's Unmaking          Conj/Erth      18%        9d4       52%         6
 Simulacrum               Ice/Necr       18%        N/A       52%         6
 Spellforged Servitor     Conj/Summ      18%        N/A       98%         7
 Ignition                 Fire           19%        3d7       100%        8


Dungeon Overview and Level Annotations

Branches:
Dungeon (15/15)            Temple (1/1) D:4            Lair (5/5) D:10
  Swamp (0/4) Lair:2        Snake (1/4) Lair:2        Slime (0/5) Lair:4
    Orc (2/2) D:9             Elf (0/3) Orc:2        Vaults (0/5) D:14
 Depths (0/4) D:15          Sewer (visited)          Bailey (visited)

Altars:
Ashenzari
Cheibriados
Dithmenos
Elyvilon
Fedhas
Gozag
Hepliaklqana
Kikubaaqudgha
Makhleb
Nemelex Xobeh
Okawaru
Qazlal
Ru
Sif Muna
Trog
Uskayaw
Vehumet
Wu Jian
Xom
Yredelemnul
Zin
The Shining One
Jiyva

Shops:
D:10 (=[:   Orc:2 ([?(

Portals:
Abyss: D:10

Annotations:
D:5 1 runed translucent door, Crazy Yiuf
D:10 2 transporters, flestrin's ghost, journeyman DsSh
D:12 3 transporters
D:14 2 transporters, Safywk's ghost, journeyman MiFi
Snake:1 Asterion


Innate Abilities, Weirdness & Mutations

You have very sharp teeth.
Your uncanny sense of smell can sniff out nearby items.
Your experience applies equally to all skills.
You are strong-willed. (Will+)


Message History

* * * LOW HITPOINT WARNING * * *
The +3 spectral demon trident barely misses you.
Asterion barely misses you. The cacodemon gestures next to you.
Some rock shatters into small pieces.
You slash Asterion! You freeze Asterion. Asterion blocks your attack.
Asterion is almost dead.
You closely miss the +3 spectral demon trident.
Asterion hits you with a +3 spectral demon trident.
* * * LOW HITPOINT WARNING * * *
You block the +3 spectral demon trident's attack.
Asterion completely misses you.
Asterion hits you with a +3 spectral demon trident.
* * * LOW HITPOINT WARNING * * *
The +3 spectral demon trident hits you.
* * * LOW HITPOINT WARNING * * *
Asterion gores you!
* * * LOW HITPOINT WARNING * * *
Asterion blocks your attack.
Asterion is almost dead.
You miss the +3 spectral demon trident. The cacodemon gestures at you.
Strange energies course through your body.
You feel strong-willed.
Unknown command.
You hit Asterion. You freeze Asterion.
Asterion is almost dead.
You completely miss the +3 spectral demon trident.
You block Asterion's attack. The +3 spectral demon trident hits you!
* * * LOW HITPOINT WARNING * * *
Asterion gores you but does no damage.
Unknown command.
Asterion blocks your attack.
Asterion is almost dead.
You hit the +3 spectral demon trident.
Asterion shares his spectral weapon's damage!
You freeze the +3 spectral demon trident.
Asterion says, "Your corpse will decorate my castle walls."
You block Asterion's attack. The +3 spectral demon trident hits you.
You die...

....# ∆ ###..##
# #.....## #
..###......# .#
.........#.# ...
.........#.## ..
........##..##.#
.....##....)H2.#
.... #...#@(###
#.# #....#÷## #
.....##..#
...##.#...# ...#
#.....# .>#
#.....# ..
......#
#.....#.#### .
#.#####...<#


You could see Asterion (fast), a cacodemon (summoned) and a +3 spectral demon
trident.

Vanquished Creatures
  Rupert (Lair:4)
  Gastronok (D:9)
  Louise (D:14)
  2 orc warlords
  An eleionoma (Lair:2)
  Snorg (Lair:3)
  2 vault guards (D:14)
  2 ogre magi (Orc:2)
  7 hydras
  Erica (D:11)
  A centaur warrior (D:13)
  2 boulder beetles
  A tengu warrior (D:15)
  An anaconda (Snake:1)
  10 two-headed ogres
  11 death yaks
  A shock serpent (Snake:1)
  3 naga sharpshooters (Snake:1)
  Nergalle (D:10)
  The ghost of t4s4d4r the Martial Artist, a novice OpSh of Gozag (D:8)
  A goliath frog (Lair:5)
  A skyshark (Lair:5)
  A skyshark (shapeshifter) (D:14)
  Lodul (D:12)
  A deep troll (Orc:2)
  A wizard (D:15)
  A lindwurm (Lair:4)
  5 deep elf pyromancers
  An orc knight (D:15)
  6 ugly things (D:15)
  A wolf spider zombie (D:15)
  A mana viper (Snake:1)
  A necromancer (D:15)
  A manticore (Lair:5)
  An orc sorcerer (D:15)
  4 elephants
  An oklob plant (Lair:3)
  3 cyclopes
  3 black mambas
  2 torpor snails
  A gargoyle (D:13)
  20 cane toads
  A naga mage (D:15)
  A centaur skeleton (D:15)
  5 rime drakes
  3 kobold demonologists (D:12)
  A tengu conjurer (D:15)
  10 komodo dragons
  13 trolls
  2 meliai (shapeshifter)
  A polar bear (Lair:3)
  A hornet (D:10)
  2 tyrant leeches
  27 blink frogs
  A wolf spider simulacrum (D:14)
  11 dream sheep
  3 slime creatures (D:14)
  A spriggan (shapeshifter) (D:13)
  A spriggan (Lair:5)
  4 shadows
  6 wyverns
  A wraith (D:13)
  Grum (D:9)
  50 yaks
  6 fire bats (Lair:2)
  8 humans (D:14)
  A fire elemental (D:14)
  3 steam dragons
  Menkaure (D:6)
  8 vampire mosquitoes
  2 wargs
  Edmund (D:5)
  A swamp worm (shapeshifter) (D:14)
  2 acid dragons
  10 water moccasins
  5 nagas
  16 orc warriors
  34 ogres
  4 black bears
  7 ice beasts (D:10)
  3 centaurs
  16 wolves
  6 kobold brigands
  2 gnoll sergeants
  15 bullfrogs
  2 cane toad simulacra (D:12)
  4 scorpions
  10 wights
  An elephant simulacrum (D:12)
  23 killer bees (D:9)
  11 howler monkeys
  5 hounds
  A jelly (D:5)
  6 orc priests
  2 gnoll boudas
  A boggart zombie (D:15)
  A sleepcap (D:5)
  An iguana (D:5)
  15 orc wizards
  2 spriggan simulacra (D:12)
  3 troll simulacra (D:12)
  2 boggart simulacra (D:15)
  Robin (D:3)
  23 gnolls
  2 river rats (Sewer)
  8 adders
  2 white imps
  An ufetubus (D:4)
  2 worms
  2 dart slugs (D:1)
  44 orcs
  7 endoplasms
  5 giant cockroaches
  12 goblins
  13 hobgoblins
  6 jackals
  A quokka (D:4)
  7 ball pythons
  9 bats
  2 frilled lizards
  35 kobolds
  11 rats
  A spectral weapon (Snake:1)
690 creatures vanquished.

Vanquished Creatures (others)
  3 hydras (Lair:5)
  A two-headed ogre (Orc:2)
  A deep troll (Orc:2)
  An orc knight (Orc:2)
  An ugly thing (D:15)
  A naga mage (D:15)
  2 dream sheep (Lair:5)
  2 humans (D:14)
  An ogre (D:12)
  A wolf (Lair:5)
  A gnoll sergeant (Orc:1)
  An electric eel (Lair:5)
  An orc (Orc:1)
17 creatures vanquished.

Grand Total: 707 creatures vanquished

Notes
Turn   | Place    | Note
-------+----------+-------------------------------------------
     0 | D:1      | Vorhees the Gnoll Fighter began the quest for the Orb.
     0 | D:1      | Reached XP level 1. HP: 23/23 MP: 1/1
    34 | D:1      | Reached XP level 2. HP: 23/29 MP: 2/2
   592 | D:2      | Reached XP level 3. HP: 35/35 MP: 3/3
   657 | D:2      | Reached skill level 1 in Invocations
   661 | D:2      | Reached skill level 1 in Short Blades
   661 | D:2      | Reached skill level 1 in Long Blades
   661 | D:2      | Reached skill level 1 in Maces & Flails
   661 | D:2      | Reached skill level 1 in Polearms
   661 | D:2      | Reached skill level 1 in Staves
   661 | D:2      | Reached skill level 1 in Ranged Weapons
   661 | D:2      | Reached skill level 1 in Throwing
   661 | D:2      | Reached skill level 1 in Dodging
   661 | D:2      | Reached skill level 1 in Stealth
   661 | D:2      | Reached skill level 1 in Unarmed Combat
   661 | D:2      | Reached skill level 1 in Spellcasting
   661 | D:2      | Reached skill level 1 in Evocations
   667 | D:2      | Reached XP level 4. HP: 14/41 MP: 5/5
   929 | D:2      | Reached skill level 1 in Conjurations
   929 | D:2      | Reached skill level 1 in Hexes
   929 | D:2      | Reached skill level 1 in Summonings
   929 | D:2      | Reached skill level 1 in Necromancy
   929 | D:2      | Reached skill level 1 in Translocations
   929 | D:2      | Reached skill level 1 in Transmutations
   929 | D:2      | Reached skill level 1 in Fire Magic
   929 | D:2      | Reached skill level 1 in Ice Magic
   929 | D:2      | Reached skill level 1 in Air Magic
   929 | D:2      | Reached skill level 1 in Earth Magic
   929 | D:2      | Reached skill level 1 in Poison Magic
   929 | D:2      | Reached skill level 1 in Shapeshifting
  1161 | D:3      | Noticed Robin
  1168 | D:3      | Killed Robin
  1379 | D:3      | Reached XP level 5. HP: 46/47 MP: 5/7
  1415 | D:3      | Found a glowing drain.
  1428 | Sewer    | Entered a sewer
  1476 | Sewer    | Noticed a kobold brigand
  1480 | Sewer    | Noticed a kobold brigand
  1492 | Sewer    | Killed a kobold brigand
  1493 | Sewer    | Reached XP level 6. HP: 37/53 MP: 8/8
  1495 | Sewer    | Reached skill level 5 in Axes
  1577 | Sewer    | Found a white marble altar of Elyvilon.
  2035 | D:4      | Found a staircase to the Ecumenical Temple.
  2049 | Temple   | Entered the Ecumenical Temple
  2075 | Temple   | Became a worshipper of Ashenzari the Shackled
  2485 | D:4      | Found an opulent altar of Gozag.
  2669 | D:4      | Reached XP level 7. HP: 60/60 MP: 10/10
  2936 | D:5      | Entered Level 5 of the Dungeon
  3061 | D:5      | Identified the +0 pair of boots "Myvyedot" {*Slow Str+3
                  | Int+3 Dex+6}
  3227 | D:5      | Reached XP level 8. HP: 67/67 MP: 12/12
  3749 | D:5      | Found a runed translucent door.
  3750 | D:5      | Noticed Crazy Yiuf
  3801 | D:5      | Noticed Edmund
  3816 | D:5      | Killed Edmund
  4851 | D:6      | Noticed Menkaure
  4861 | D:6      | Killed Menkaure
  4862 | D:6      | Reached XP level 9. HP: 26/73 MP: 14/14
  5541 | D:6      | Identified the +4 trident "Ynesemau" {venom, SInv}
  6043 | D:7      | Found a flagged portal.
  6087 | Bailey   | Entered a bailey
  6095 | Bailey   | Noticed an orc warlord
  6095 | Bailey   | Found the +4 Cigotuvi's embrace {Corpsefed rMiasma Drain
                  | rN+}
  6187 | Bailey   | Found a runed translucent gate.
  6189 | Bailey   | Found a runed translucent gate.
  6191 | Bailey   | Found a runed translucent gate.
  6206 | Bailey   | Reached skill level 5 in Invocations
  6438 | Bailey   | Acquired 1139 gold pieces
  6472 | Bailey   | Killed an orc warlord
  6473 | Bailey   | Reached skill level 5 in Short Blades
  6473 | Bailey   | Reached skill level 5 in Long Blades
  6473 | Bailey   | Reached skill level 5 in Maces & Flails
  6473 | Bailey   | Reached skill level 5 in Polearms
  6473 | Bailey   | Reached skill level 5 in Staves
  6473 | Bailey   | Reached skill level 5 in Ranged Weapons
  6473 | Bailey   | Reached skill level 5 in Throwing
  6473 | Bailey   | Reached skill level 5 in Dodging
  6473 | Bailey   | Reached skill level 5 in Stealth
  6473 | Bailey   | Reached skill level 5 in Unarmed Combat
  6473 | Bailey   | Reached skill level 5 in Spellcasting
  6473 | Bailey   | Reached skill level 5 in Evocations
  6473 | Bailey   | Reached XP level 10. HP: 71/81 MP: 15/17
  6487 | Bailey   | Identified the +1 leather armour "Ynutonnu" {rF+ rCorr
                  | Int-5}
  6692 | Bailey   | Acquired 1123 gold pieces
  8147 | D:8      | Found a large runed translucent door.
  8147 | D:8      | Found a large runed translucent door.
  8151 | D:8      | Noticed t4s4d4r's ghost (novice OpSh)
  8329 | D:8      | Killed t4s4d4r's ghost
  8337 | D:8      | Acquired the +5 scale mail of the Watchman {rCorr}
  8573 | D:9      | Noticed a two-headed ogre
  8600 | D:9      | Killed a two-headed ogre
  8653 | D:9      | Reached XP level 11. HP: 87/87 MP: 19/19
  8930 | D:9      | Reached skill level 5 in Conjurations
  8930 | D:9      | Reached skill level 5 in Hexes
  8930 | D:9      | Reached skill level 5 in Summonings
  8930 | D:9      | Reached skill level 5 in Necromancy
  8930 | D:9      | Reached skill level 5 in Translocations
  8930 | D:9      | Reached skill level 5 in Transmutations
  8930 | D:9      | Reached skill level 5 in Fire Magic
  8930 | D:9      | Reached skill level 5 in Ice Magic
  8930 | D:9      | Reached skill level 5 in Air Magic
  8930 | D:9      | Reached skill level 5 in Earth Magic
  8930 | D:9      | Reached skill level 5 in Poison Magic
  8930 | D:9      | Reached skill level 5 in Shapeshifting
  9119 | D:9      | Noticed a two-headed ogre
  9128 | D:9      | Noticed Gastronok
  9134 | D:9      | Killed a two-headed ogre
  9160 | D:9      | Killed Gastronok
  9344 | D:9      | Noticed Grum
  9365 | D:9      | Killed Grum
  9933 | D:9      | Found a staircase to the Orcish Mines.
 10157 | D:10     | Entered Level 10 of the Dungeon
 10207 | D:10     | Found a transporter.
 10210 | D:10     | Found Sietz's Jewellery Boutique.
 10228 | D:10     | Noticed a worldbinder
 10416 | D:10     | Found a transporter.
 10459 | D:10     | Found a staircase to the Lair.
 10611 | D:10     | Found Xipuvvuch's Weapon Shoppe.
 10632 | D:10     | Noticed Nergalle
 10633 | D:10     | Noticed a two-headed ogre
 10647 | D:10     | Killed Nergalle
 10650 | D:10     | Killed a two-headed ogre
 10651 | D:10     | Reached XP level 12. HP: 33/97 MP: 21/23
 10874 | D:10     | Noticed a hell hog
 10881 | D:10     | Found a one-way gate to the infinite horrors of the Abyss.
 10895 | D:10     | Found Uxzapt's Armour Shoppe.
 11022 | D:10     | Found Ixebb's Book Emporium.
 11047 | D:10     | Noticed flestrin's ghost (journeyman DsSh)
 11369 | D:11     | Noticed a boulder beetle
 11383 | D:11     | Killed a boulder beetle
 11700 | D:11     | Noticed Erica
 11710 | D:11     | Killed Erica
 11846 | Lair:1   | Entered Level 1 of the Lair of Beasts
 12118 | Lair:1   | Reached skill level 10 in Fighting
 12118 | Lair:1   | Reached skill level 10 in Armour
 12118 | Lair:1   | Reached skill level 10 in Shields
 13032 | Lair:2   | Found a staircase to the Snake Pit.
 13404 | Lair:2   | Reached XP level 13. HP: 51/104 MP: 25/25
 13808 | Lair:2   | Found a staircase to the Swamp.
 13808 | Lair:2   | Noticed an eleionoma
 13851 | Lair:2   | Killed an eleionoma
 15262 | Lair:3   | Reached * piety under Ashenzari
 15269 | Lair:3   | Learned a level 5 spell: Freezing Cloud
 15384 | Lair:3   | Found the +1 robe of Vines {NoPotionHeal Regen++++}
 15397 | Lair:3   | Noticed Snorg
 17424 | Lair:3   | Killed Snorg
 17809 | Lair:4   | Reached skill level 10 in Axes
 18111 | Lair:4   | Identified the +1 robe "Dusmuma" {rElec rPois}
 18155 | Lair:4   | Noticed Rupert
 18176 | Lair:4   | Paralysed by Rupert for 5 turns
 19014 | Lair:4   | Found a viscous altar of Jiyva.
 19015 | Lair:4   | Found a staircase to the Slime Pits.
 19225 | Lair:4   | Paralysed by Rupert for 3 turns
 19229 | Lair:4   | Killed Rupert
 19230 | Lair:4   | Reached XP level 14. HP: 99/114 MP: 17/27
 19406 | Lair:5   | Entered Level 5 of the Lair of Beasts
 20034 | Lair:5   | Reached skill level 10 in Invocations
 22031 | Lair:5   | Learned a level 4 spell: Anguish
 24280 | Lair:5   | Reached XP level 15. HP: 112/122 MP: 22/29
 24484 | Lair:5   | Reached skill level 10 in Short Blades
 24484 | Lair:5   | Reached skill level 10 in Long Blades
 24484 | Lair:5   | Reached skill level 10 in Maces & Flails
 24484 | Lair:5   | Reached skill level 10 in Polearms
 24484 | Lair:5   | Reached skill level 10 in Staves
 24484 | Lair:5   | Reached skill level 10 in Ranged Weapons
 24484 | Lair:5   | Reached skill level 10 in Throwing
 24484 | Lair:5   | Reached skill level 10 in Dodging
 24484 | Lair:5   | Reached skill level 10 in Stealth
 24484 | Lair:5   | Reached skill level 10 in Unarmed Combat
 24484 | Lair:5   | Reached skill level 10 in Spellcasting
 24484 | Lair:5   | Reached skill level 10 in Evocations
 24997 | Orc:1    | Entered Level 1 of the Orcish Mines
 25278 | Orc:1    | Found a bloodstained altar of Trog.
 25524 | Orc:2    | Entered Level 2 of the Orcish Mines
 25985 | Orc:1    | Noticed an orc warlord
 26011 | Orc:1    | Killed an orc warlord
 26493 | Orc:2    | Found a staircase to the Elven Halls.
 27300 | Orc:2    | Found Nicea's Armour Shop.
 27302 | Orc:2    | Found Febim's Antique Weapon Shop.
 27303 | Orc:2    | Found Coits's Magic Scroll Emporium.
 27338 | Orc:2    | Paralysed by an ogre mage for 2 turns
 27424 | Orc:2    | Found Okic's Weapon Boutique.
 27437 | Orc:2    | Bought a scroll of brand weapon for 142 gold pieces
 27437 | Orc:2    | Bought a scroll of enchant weapon for 112 gold pieces
 27437 | Orc:2    | Bought a scroll of teleportation for 45 gold pieces
 27437 | Orc:2    | Bought a scroll of teleportation for 45 gold pieces
 27437 | Orc:2    | Bought a scroll of enchant weapon for 112 gold pieces
 27443 | Orc:2    | Bought a glowing broad axe for 231 gold pieces
 27882 | D:12     | Found a transporter.
 27883 | D:12     | Found a transporter.
 27885 | D:12     | Found a transporter.
 27909 | D:12     | Found a transporter.
 28156 | D:12     | Found a frozen archway.
 28653 | D:12     | Noticed Lodul
 28667 | D:12     | Killed Lodul
 30161 | D:14     | Noticed Louise
 30191 | D:14     | Killed Louise
 30402 | D:14     | Found a transporter.
 30425 | D:14     | Found a transporter.
 30437 | D:14     | Noticed Safywk's ghost (journeyman MiFi)
 30437 | D:14     | Identified the ring of the Komtur {rF+ Dex+6 SInv Stlth+}
 30531 | D:14     | Found a hide-covered altar of Uskayaw.
 31581 | D:14     | Found a gate to the Vaults.
 31815 | D:15     | Entered Level 15 of the Dungeon
 31886 | D:15     | Reached XP level 16. HP: 126/131 MP: 31/31
 32249 | D:15     | Found a staircase to the Depths.
 32278 | D:15     | Found a shimmering altar of Xom.
 33560 | Snake:1  | Entered Level 1 of the Snake Pit
 34286 | Snake:1  | Noticed Asterion
 34333 | Snake:1  | Gained mutation: You are strong-willed. (Will+) [a
                  | cacodemon]
 34334 | Snake:1  | HP: 1/196 [+3 spectral demon trident[Asterion] (11)]
 34335 | Snake:1  | Slain by a +3 spectral demon trident

Illustrated notes

Levels and vault maps discovered:
D:1:      erik_arrival_orb_chamber, layout_rooms, serial_corexii_hall,
          corexii_hall_statues_deadend, chequers_hall_statues_y
D:2:      layout_rooms, kennysheep_path_1
D:3:      layout_loops_ring, cheibrodos_sewer_entry_sluice, uniq_robin
D:4:      layout_loops_ring, nicolae_gozag_cash_rules_everything_around_me,
          minmay_temple_entry_statues_pillars
D:5:      minmay_polygon_palace, layout_loops_ring, uniq_edmund,
          uniq_crazy_yiuf_cottage
D:6:      layout_loops_ring, uniq_menkaure
D:7:      layout_basic, enter_bailey_8
D:8:      layout_gridville, ebering_ghost_disaster_area
D:9:      nicolae_hitomezashi [nicolae_hito_row, nicolae_hito_row,
          nicolae_hito_row, nicolae_hito_row, nicolae_hito_row,
          nicolae_hito_row, nicolae_hito_row, nicolae_hito_row,
          nicolae_hito_row, nicolae_hito_row, nicolae_hito_row,
          nicolae_hito_row, nicolae_hito_row, nicolae_hito_row,
          nicolae_hito_row, nicolae_hito_row, nicolae_hito_row,
          nicolae_hito_row], layout_basic, uniq_gastronok, uniq_grum
D:10:     layout_roguey, hellmonk_lair_entry_icy, serial_shops,
          nicolae_shop_waterfront, nicolae_shop_bloodbath_and_beyond,
          nicolae_shop_advertising_works [nicolae_subvault_shop_adworks],
          kennysheep_mini_moat, gammafunk_ghost_abyssal_escape, uniq_nergalle
D:11:     layout_basic, hangedman_abyss_or_decor_lesser_grid, uniq_erica
D:12:     layout_irregular_city, portal_ice_cave_entry_ice_simulacra,
          nicolae_diode_quadrants, uniq_lodul
D:13:     layout_layer_cave, chequers_garden
D:14:     layout_long_grid, ximxim_vaults_locker_room,
          gammafunk_ghost_stat_death, nicolae_twisting_strands,
          nicolae_uskayaw_suspiria, uniq_louise
D:15:     grunt_enter_depths_magical_seal, layout_irregular_city,
          xom_teletrap_fun, serial_column_ruins, column_ruins_hut,
          column_ruins_square_medium, column_ruins_columns_corner,
          column_ruins_grid_3, column_ruins_grid_1,
          column_ruins_columns_straight, column_ruins_open_tiny,
          column_ruins_open_large, column_ruins_open_tiny
Temple:   minmay_crystal_snake_temple
Lair:1:   layout_layer_cave
Lair:2:   layout_gridlike, alex1729_swamp_entry_worm_eleionoma,
          minmay_snake_entry_guardpost_small, nicolae_volcano_entry_batcave,
          minivault_25, beast_lair_carwin_3, lemuel_fruit_fields
Lair:3:   layout_small_grid, hellmonk_guarded_unrand_vines, uniq_snorg
Lair:4:   layout_roguey, slime_entry_1, uniq_rupert
Lair:5:   minmay_lair_end_frog_pond, layout_hall_layers,
          grunt_forest_large_clearing_hut
Snake:1:  layout_misc_corridors, gammafunk_ghost_arena, uniq_roxanne,
          uniq_asterion, uniq_kirke
Orc:1:    layout_caves, basic_altar
Orc:2:    st_orc_open, layout_diamond_mine, basic_altar

Skill      XL: |  1  2  3  4  5  6  7  8  9 10 11 12 13 14 15 16 |
---------------+-------------------------------------------------+-----
Invocations    | 1 2 3 4 5 6 7 8 9 10 11 | 11.9
Short Blades   | 1 2 3 5 7 8 9 10 11 | 11.0
Long Blades    | 1 2 3 5 7 8 9 10 11 | 11.0
Maces & Flails | 1 2 3 5 7 8 9 10 11 | 11.0
Polearms       | 1 2 3 5 7 8 9 10 11 | 11.0
Staves         | 1 2 3 5 7 8 9 10 11 | 11.0
Ranged Weapons | 1 2 3 5 7 8 9 10 11 | 11.0
Throwing       | 1 2 3 5 7 8 9 10 11 | 11.0
Dodging        | 1 2 3 5 7 8 9 10 11 | 11.0
Stealth        | 1 2 3 5 7 8 9 10 11 | 11.0
Unarmed Combat | 1 2 3 5 7 8 9 10 11 | 11.0
Spellcasting   | 1 2 3 5 7 8 9 10 11 | 11.0
Evocations     | 1 2 3 5 7 8 9 10 11 | 11.0
Conjurations   | 1 2 3 4 5 6 7 8 9 |  9.2
Hexes          | 1 2 3 4 5 6 7 8 9 |  9.2
Summonings     | 1 2 3 4 5 6 7 8 9 |  9.2
Necromancy     | 1 2 3 4 5 6 7 8 9 |  9.2
Translocations | 1 2 3 4 5 6 7 8 9 |  9.2
Transmutations | 1 2 3 4 5 6 7 8 9 |  9.2
Fire Magic     | 1 2 3 4 5 6 7 8 9 |  9.2
Ice Magic      | 1 2 3 4 5 6 7 8 9 |  9.2
Air Magic      | 1 2 3 4 5 6 7 8 9 |  9.2
Earth Magic    | 1 2 3 4 5 6 7 8 9 |  9.2
Poison Magic   | 1 2 3 4 5 6 7 8 9 |  9.2
Shapeshifting  | 1 2 3 4 5 6 7 8 9 |  9.2
Axes           | 5 6 7 8 9 10 11 | 11.9
Fighting       | 7 8 9 10 11 12 | 12.7
Armour         | 7 8 9 10 11 12 | 12.7
Shields        | 7 8 9 10 11 12 | 12.7

Action                     |  1- 3 |  4- 6 |  7- 9 | 10-12 | 13-15 | 16-18 || total
---------------------------+-------+-------+-------+-------+-------+-------++-------
  Melee: War axe           |    70 |   154 |   192 |   657 |   857 |       ||  1930
         Bite              |     5 |    12 |    30 |    95 |   167 |    30 ||   339
         Broad axe         |       |       |       |       |   281 |   185 ||   466
  Throw: Boomerang         |       |     5 |    43 |    60 |   322 |    10 ||   440
   Cast: Freezing Cloud    |       |       |       |       |     3 |     3 ||     6
         Anguish           |       |       |       |       |    44 |     5 ||    49
 Invoke: Curse Item        |       |       |       |     1 |     1 |       ||     2
  Evoke: Wand              |       |       |     4 |       |    48 |     2 ||    54
    Use: Scroll            |     2 |     2 |    10 |    12 |    13 |     1 ||    40
         Potion            |       |       |     7 |     4 |     7 |     5 ||    23
   Stab: Distracted        |       |       |       |       |     1 |     1 ||     2
         Sleeping          |       |       |       |       |     5 |       ||     5
 Armour: Scale mail        |    40 |    79 |    50 |   226 |   445 |    56 ||   896
  Dodge: Dodged            |    33 |    71 |    74 |   295 |   616 |    79 ||  1168
  Block: Buckler           |    14 |    71 |   130 |   416 |   783 |   103 ||  1517
         Reflection        |       |       |     5 |     5 |    13 |    11 ||    34

Table legend: (Time is in decaauts)
 A = Elapsed time spent in this place.
 B = Non-inter-level travel time spent in this place.
 C = Inter-level travel time spent in this place.
 D = Time resting spent in this place.
 E = Time spent auto-exploring this place.
 F = Levels seen in this place.
 G = Mean time per level.
                   A        B        C        D        E       F      G
               +--------+--------+--------+--------+--------+-----+--------+
         Total |  34565 |  33038 |   1527 |   8967 |  18227 |  26 | 1329.4 |
       Dungeon |  16992 |  16314 |    678 |   2262 |  11271 |  15 | 1132.8 |
        Temple |     51 |      2 |     49 |      0 |      0 |   1 |   51.0 |
          Lair |  13108 |  12459 |    649 |   4881 |   5542 |   5 | 2621.6 |
     Snake Pit |    765 |    757 |      8 |    608 |      0 |   1 |  765.0 |
  Orcish Mines |   2723 |   2582 |    141 |   1020 |   1014 |   2 | 1361.5 |
         Sewer |    300 |    300 |      0 |      0 |    189 |   1 |  300.0 |
        Bailey |    623 |    623 |      0 |    196 |    210 |   1 |  623.0 |
               +--------+--------+--------+--------+--------+-----+--------+

Top non-repeatable levels by time:
  Lair:4: 4571 daAuts
  Lair:2: 2954 daAuts
  Lair:5: 2519 daAuts
     D:9: 1924 daAuts
     D:5: 1917 daAuts
   Orc:2: 1846 daAuts
  Lair:3: 1834 daAuts
    D:14: 1715 daAuts
    D:15: 1647 daAuts
  Lair:1: 1229 daAuts
    D:13: 1162 daAuts
    D:12: 1161 daAuts
     D:6: 1146 daAuts
    D:10: 1033 daAuts
     D:8: 1007 daAuts
